[Event "***Titled Tuesday 3|2 Blitz"]
[Site "Chess.com"]
[Date "2017.02.07"]
[Round "1"]
[White "Entilza"]
[Black "GGuseinov"]
[Result "0-1"]
[WhiteElo "2202"]
[BlackElo "2525"]
[TimeControl "180+2"]
[EndTime "13:09:53 PST"]
[Termination "GGuseinov won by resignation"]

1. d4 Nf6 2. c4 g6 3. Nc3 Bg7 4. e4 d6 5. Nf3 O-O 6. Be2 Bg4 7. O-O Nfd7 8. Be3 Nc6 9. Rc1 e5 10. d5 Bxf3 11. Bxf3 Nd4 12. g3 Nxf3+ 13. Qxf3 f5 14. b4 f4 15. Bd2 fxg3 16. Qxg3 Nf6 17. f4 Nh5 18. Qg4 exf4 19. Bxf4 Nxf4 20. Rxf4 Rxf4 21. Qxf4 Qe7 22. Nd1 Rf8 23. Qg4 Qf6 24. Qe6+ Qxe6 25. dxe6 Re8 26. c5 dxc5 27. bxc5 Rxe6 28. Rc4 c6 29.
Kf2 Bf8 30. Nb2 Re5 31. Nd3 Rh5 32. Kg3 a5 33. e5 Kf7 34. Ra4 Bg7 35. Rxa5 Bxe5+ 36. Nxe5+ Rxe5 37. Ra7 Re7 38. Kf4 Kf6 39. h4 h6 40. a4 Ke6 41. a5 Rd7 42. Ke4 g5 43. hxg5 hxg5 44. a6 bxa6 45. Rxa6 Rc7 46. Ra8 Rg7 47.
Rd8 Rg6 48. Rd6+ Kf7 49. Rd7+ Ke8 50. Rd3 g4 51. Kf5 Rg8 52. Rg3 Ke7 53. Kf4 Kf6 54. Rd3 g3 0-1

[Event "***Titled Tuesday 3|2 Blitz"]
[Site "Chess.com"]
[Date "2017.02.07"]
[Round "1"]
[White "rubhani"]
[Black "BartoszSocko"]
[Result "0-1"]
[WhiteElo "2371"]
[BlackElo "2681"]
[TimeControl "180+2"]
[EndTime "13:09:56 PST"]
[Termination "BartoszSocko won by resignation"]

1. e4 e6 2. d4 d5 3. Nd2 Nf6 4.
e5 Nfd7 5. Bd3 c5 6. c3 b6 7.
Ngf3 Ba6 8. Bxa6 Nxa6 9. O-O Nc7 10. Re1 Be7 11. Nf1 O-O 12. Ng3 cxd4 13. Nxd4 Nc5 14. b4 Nd7 15. a4 Qe8 16. Bd2 a5 17. Qg4 axb4 18. cxb4 Na6 19. Nc6 Rc8 20. b5 Nac5 21. Nh5 g6 22. Nxe7+ Qxe7 23. Bg5 f6 24. Nxf6+ Nxf6 25. Bxf6 Qf7 26. h4 Ne4 27. f3 Nxf6 28. exf6 Rce8 29.
Qd4 Qxf6 30. Qxb6 Qxh4 31. Rxe6 Rxe6 32. Qxe6+ Kg7 33. Qxd5 Rf5 34. Qd7+ Kh6 35. Qd2+ Kg7 36. Re1 Rh5 37. Qd7+ Kh6 38. Re7 Qh2+ 39. Kf1 Qh1+ 40. Kf2 Qh4+ 41. Ke2 Qc4+ 42. Qd3 Qxa4 43. Qe3+ Rg5 44.
Re5 Qc4+ 45. Kf2 Qc2+ 46. Ke1 Qb1+ 47. Kf2 Qb2+ 48. Qe2 Qxe5 49. Qd2 Qxb5 50. f4 Qc5+ 51. Kf3 Qd5+ 0-1

[Event "***Titled Tuesday 3|2 Blitz"]
[Site "Chess.com"]
[Date "2017.02.07"]
[Round "1"]
[White "Keranke"]
[Black "bilelou"]
[Result "1-0"]
[WhiteElo "2650"]
[BlackElo "2360"]
[TimeControl "180+2"]
[EndTime "13:09:57 PST"]
[Termination "Keranke won by resignation"]

1. d4 d5 2. Bf4 Nf6 3. e3 e6 4.
Nf3 c5 5. Nc3 Bd6 6. Bxd6 Qxd6 7. Nb5 Qe7 8. dxc5 O-O 9. Nd6 b6 10. Nxc8 Rxc8 11. cxb6 Qb4+ 12. Nd2 axb6 13. Qc1 d4 14. exd4 Qxd4 15. Be2 Qe5 16. Nf3 Qe4 17. c3 Ra5 18. Qe3 Qc2 19. Qd2 Qe4 20. O-O Rd5 21.
Qe3 Qc2 22. Rab1 Nbd7 23. Rfc1 Qa4 24. c4 Rdc5 25. a3 e5 26. h3 e4 27. Nd4 Re5 28. b4 Nf8 29. Nb5 Ng6 30. c5 bxc5 31. bxc5 Nd5 32. Qd4 Qxd4 33. Nxd4 Ndf4 34. Ba6 Ra8 35. Bb7 Ra4 36. c6 Ne6 37. Nxe6 fxe6 38. c7 Ne7 39. c8=Q+ Nxc8 40. Rxc8+ Kf7 41. Rb3 Rea5 42.
Rc7+ Kf6 43. Rg3 g6 44. Rcc3 Rb5 45. Bc6 Rb1+ 46. Kh2 Rd4 47. Rce3 Rdd1 48. Rg4 Rh1+ 49. Kg3 Rhc1 50. Bxe4 e5 51. Bxb1 h5 52. Rb4 1-0

[Event "***Titled Tuesday 3|2 Blitz"]
[Site "Chess.com"]
[Date "2017.02.07"]
[Round "1"]
[White "Ilja_Semjonovs"]
[Black "A-Fier"]
[Result "1-0"]
[WhiteElo "2175"]
[BlackElo "2489"]
[TimeControl "180+2"]
[EndTime "13:09:58 PST"]
[Termination "Ilja_Semjonovs won by resignation"]

1. d4 Nf6 2. Nf3 e6 3. Bg5 b6 4.
Nbd2 h6 5. Bxf6 Qxf6 6. e3 Bb7 7. Bd3 g6 8. O-O Bg7 9. Be4 d5 10. Bd3 O-O 11. Ne5 Qe7 12. f4 Nd7 13. c3 Nf6 14. Qe2 Ne4 15. Nxe4 dxe4 16. Ba6 c5 17.
Bxb7 Qxb7 18. Rad1 Rad8 19. Qb5 cxd4 20. cxd4 Rd5 21. Qb3 Qa6 22. a3 Rb5 23. Qc4 Rc8 24. Nc6 Bf8 25. Rc1 Rxc6 26. Qxc6 Rxb2 27. Rc2 Rb3 28. Qxe4 Qxa3 29. Re2 Rd3 30. h4 h5 31. Kh2 Be7 32. Rf3 Bxh4 33. f5 Qd6+ 34. g3 Rd1 35. fxg6 f5 36. Qxh4 Qc6 37. Qd8+ Kg7 38. Ref2 h4 39.
Qxh4 Kxg6 40. g4 Qc7+ 41. Qg3 Qh7+ 42. Qh3 Qc7+ 43. Rg3 f4 44. exf4 Qc6 45. Rfg2 Qc1 46. Qh5+ Kg7 47. Qg5+ Kf7 48. Rg1 Qd2+ 49. R3g2 Qd3 50.
Rxd1 Qxd1 51. f5 Qe1 52. Qg6+ Kf8 53. Qf6+ 1-0

[Event "***Titled Tuesday 3|2 Blitz"]
[Site "Chess.com"]
[Date "2017.02.07"]
[Round "1"]
[White "GrigorGrigorov"]
[Black "Grootneus"]
[Result "0-1"]
[WhiteElo "2477"]
[BlackElo "2137"]
[TimeControl "180+2"]
[EndTime "13:10:03 PST"]
[Termination "Grootneus won on time"]

1. d4 Nf6 2. Nf3 c5 3. e3 e6 4. c4 d5 5. cxd5 Nxd5 6. a3 cxd4 7. exd4 Nc6 8. Bd3 Be7 9. O-O O-O 10. Nc3 b6 11. Re1 Bb7 12. Bc2 Rc8 13. Qd3 g6 14. Bh6 Re8 15. Bb3 Na5 16. Ba2 Nxc3 17. bxc3 Bd5 18. Bb1 Qc7 19. Qe3 Qxc3 20. Bd3 Nc4 21. Qe2 Bxf3 22. Qxf3 Qxd4 23. Rad1 Ne5 24. Qe2 Nxd3 25. Rxd3 Qc4 26. Qe5 Bf8 27. Bxf8 Rxf8 28.
Rde3 Rc5 29. Qf6 Rf5 30. Qb2 Rc8 31. Rd1 Rd5 32. Rf1 b5 33. h3 a5 34. Rf3 b4 35.
axb4 axb4 36. Ra1 Qd4 37. Qb1 Rcd8 38. Kh2 Qe5+ 39. g3 Rd4 40. Ra7 R8d7 41. Ra8+ Kg7 42. Qc2 Qe4 43. Qc8 Rd8 44. Rxf7+ Kxf7 45. Qc7+ R8d7 46. Qc8 Rd8 47. Ra7+ Kg8 48. Qc5 Qf5 0-1

[Event "***Titled Tuesday 3|2 Blitz"]
[Site "Chess.com"]
[Date "2017.02.07"]
[Round "1"]
[White "IM_Michal_Luch"]
[Black "Alexander_Moskalenko"]
[Result "0-1"]
[WhiteElo "2378"]
[BlackElo "2687"]
[TimeControl "180+2"]
[EndTime "13:10:13 PST"]
[Termination "Alexander_Moskalenko won by resignation"]

1. d4 e6 2. c4 f5 3. g3 Nf6 4. Bg2 Bb4+ 5. Nd2 O-O 6. a3 Bxd2+ 7.
Bxd2 a5 8. e3 d5 9. Qc2 Ne4 10.
Rc1 c6 11. Ne2 Nd7 12. Nf4 Ndf6 13. f3 Nxd2 14. Qxd2 Bd7 15. Nd3 Qb6 16. O-O Be8 17. Nc5 Bf7 18. cxd5 exd5 19. Rc3 Qc7 20. Nd3 Nd7 21.
f4 a4 22. Ne5 Nf6 23. Rfc1 Qe7 24. Rc5 Be6 25. Bf3 g5 26. Kh1 g4 27. Bg2 Kg7 28. Ra5 h5 29. Rxa8 Rxa8 30. h4 gxh3 31. Bxh3 Ne4 32. Qh2 Rg8 33. Bg2 Rh8 34. Bxe4 fxe4 35.
Qh4 Qf6 36. Qxf6+ Kxf6 37. Kh2 Bg4 38. Rc5 Kf5 39. Ra5 h4 40. Ra7 hxg3+ 41. Kxg3 Rh3+ 42. Kf2 Rh2+ 43. Kf1 Bh3+ 44. Ke1 Bg4 45. Kf1 Rxb2 46.
Rxa4 Be2+ 47. Ke1 Ba6 48. Nxc6 Re2+ 49. Kd1 bxc6 50. Rxa6 Rxe3 51. Rxc6 Rd3+ 52. Ke2 Rxd4 53. a4 Kxf4 54. Rf6+ Ke5 55. Ra6 Rb4 56. a5 Rb2+ 57. Kd1 Ra2 58. Ra8 Kd4 59. a6 Kd3 60. Kc1 d4 61. a7 e3 62. Kb1 Ra6 63. Kc1 e2 64.
Re8 Ra1+ 65. Kb2 Rxa7 0-1

[Event "***Titled Tuesday 3|2 Blitz"]
[Site "Chess.com"]
[Date "2017.02.07"]
[Round "1"]
[White "NoWuss2"]
[Black "Rumpel-VK"]
[Result "0-1"]
[WhiteElo "2052"]
[BlackElo "2458"]
[TimeControl "180+2"]
[EndTime "13:10:15 PST"]
[Termination "Rumpel-VK won by resignation"]

1. e4 d6 2. Nf3 Nf6 3. c3 c6 4.
Bd3 e5 5. O-O Be7 6. Re1 O-O 7.
h3 Nbd7 8. Bc2 Re8 9. d4 Qc7 10. Nbd2 Nf8 11. Nf1 Ng6 12. a4 Bd7 13. Ng3 Rad8 14.
Bb3 h6 15. Bd2 Bf8 16. Nh2 Be6 17. Ng4 Nxg4 18. hxg4 Bxb3 19. Qxb3 exd4 20. cxd4 d5 21. e5 c5 22. f4 cxd4 23. Rac1 Qb6 24. Qxb6 axb6 25.
Nf5 Rc8 26. b4 Rc4 27. Nd6 Bxd6 28. exd6 Rxc1 29. Rxc1 Rd8 30. f5 Ne5 31. g5 hxg5 32. Bxg5 Rxd6 33. Rd1 Nc6 34. b5 Na5 35. Rxd4 Nb3 36.
Rb4 Nc5 37. g4 Rd7 38. Kf1 f6 39. Be3 Ne4 40. Bxb6 Kf7 41. Rd4 Nc3 42. Ke1 Rd6 43. Kd2 Ne4+ 44. Ke3 Rxb6 45. Rxd5 Nc3 46. Rd7+ Kf8 47.
Rd8+ Ke7 48. Rc8 Nxa4 49. Rc7+ Kf8 50. Rc8+ Kf7 51. Rc7+ Kg8 52. Rc8+ Kh7 53. Kd4 Rxb5 54. Kc4 Rc5+ 55. Rxc5 Nxc5 56. Kxc5 Kh6 0-1

[Event "***Titled Tuesday 3|2 Blitz"]
[Site "Chess.com"]
[Date "2017.02.07"]
[Round "1"]
[White "DrVitman"]
[Black "JSMastropiero"]
[Result "1-0"]
[WhiteElo "2508"]
[BlackElo "2153"]
[TimeControl "180+2"]
[EndTime "13:10:18 PST"]
[Termination "DrVitman won by resignation"]

1. d4 e6 2. c4 f5 3. Nc3 Nf6 4. Nf3 Bb4 5. Qb3 Qe7 6. a3 Bxc3+ 7.
Qxc3 b6 8. b4 Bb7 9. Bb2 O-O 10.
e3 d6 11. Be2 Ne4 12. Qc2 Nd7 13. O-O Ng5 14. Ne1 Qf7 15. f3 Qg6 16. Kh1 Rae8 17. a4 c5 18. a5 cxb4 19. axb6 axb6 20. Ra7 Rb8 21. Qb3 Qh6 22. Qxb4 Nf7 23. Qb3 Nf6 24.
Bc1 Nh5 25. Kg1 d5 26. Qxb6 Ba8 27. Qa5 dxc4 28. Bxc4 Kh8 29. Nd3 Nd6 30. Ba2 Bd5 31.
Bxd5 exd5 32. Qxd5 Rb1 33. Qa2 Rfb8 34. Qf2 Nb5 35. Ra2 Nc3 36. Rc2 Nd5 37. Ne5 Qe6 38. e4 fxe4 39. fxe4 Ndf6 40. Qf3 g6 41. Nc6 Rf8 42.
e5 Nd7 43. Qe2 Rxf1+ 44. Qxf1 Ng7 45. Nd8 Qe7 46. Nf7+ Kg8 47. Nh6+ Kh8 48. Qf7 Qxf7 49. Nxf7+ Kg8 50. Nh6+ Kf8 51. Kf2 Ne6 52. Be3 Nb6 53. Ng4 Nd5 54. Nf6 Rb3 55. Nxd5 1-0

[Event "***Titled Tuesday 3|2 Blitz"]
[Site "Chess.com"]
[Date "2017.02.07"]
[Round "1"]
[White "Aygehovit1992"]
[Black "Daniela_Movileanu"]
[Result "1/2-1/2"]
[WhiteElo "2450"]
[BlackElo "2062"]
[TimeControl "180+2"]
[EndTime "13:10:21 PST"]
[Termination "Game drawn by agreement"]

1. e4 c5 2. Nf3 d6 3. d4 Nf6 4.
Nc3 cxd4 5. Nxd4 a6 6. Bg5 e6 7.
f4 Nbd7 8. Qf3 Qc7 9. O-O-O b5 10. g4 Bb7 11. Bd3 Qb6 12. Nb3 b4 13. Ne2 a5 14. Nbd4 Rc8 15. Kb1 a4 16. Bxf6 gxf6 17. Bb5 Ba6 18. Bxa4 Qc5 19. Qb3 Bc4 20. Bxd7+ Kxd7 21. Qa4+ Ke7 22. a3 bxa3 23. Qxa3 Bh6 24. Rhe1 Bxe2 25. Rxe2 Bxf4 26. Qxc5 Rxc5 27. c3 Rb8 28. Kc2 Be5 29. Nf3 Rcb5 30. b4 Rc8 31. Nxe5 Rxe5 32. Rdd2 Rg8 33. h3 h5 34. gxh5 Rxh5 35. Re3 Rgh8 36.
Rdd3 Re5 37. Kb3 Rh4 38. c4 f5 39. exf5 Rxf5 40. Rf3 Rxf3 41. Rxf3 e5 42. b5 e4 43. Re3 f5 44. Kb4 Kd7 45. c5 dxc5+ 46. Kxc5 Kc7 47. b6+ Kb7 48. Ra3 f4 49. Ra7+ Kb8 50.
Re7 Rh5+ 51. Kc6 Rh6+ 52. Kb5 f3 53. Rxe4 Rxh3 54. Re8+ Kb7 55. Re7+ Kb8 56. Rf7 f2 57. Rxf2 Rb3+ 58. Kc5 Rb1 59. Rf8+ Kb7 60. Rf7+ Kb8 61. Rf8+ Kb7 62. Rf7+ Kb8 63. Kc6 Rc1+ 64. Kb5 1/2-1/2

[Event "***Titled Tuesday 3|2 Blitz"]
[Site "Chess.com"]
[Date "2017.02.07"]
[Round "1"]
[White "yurisolo"]
[Black "SCIM"]
[Result "0-1"]
[WhiteElo "2525"]
[BlackElo "2281"]
[TimeControl "180+2"]
[EndTime "13:10:28 PST"]
[Termination "SCIM won by resignation"]

1. e4 c5 2. Nf3 e6 3. d4 cxd4 4.
Nxd4 Nc6 5. Nc3 Qc7 6. Be3 a6 7.
Qd2 Nf6 8. O-O-O Be7 9. f3 b5 10. Nxc6 dxc6 11. Qf2 e5 12. Bb6 Qb8 13. Bc5 Qc7 14.
g4 O-O 15. h4 Be6 16. h5 Rfd8 17. g5 Rxd1+ 18. Nxd1 Bxc5 19. Qxc5 Nd7 20. Qe7 Qd8 21. Qxd8+ Rxd8 22. Ne3 Nc5 23. Be2 a5 24. a3 Kf8 25.
h6 g6 26. b4 axb4 27. axb4 Na4 28. Bd3 Nc3 29. Kd2 Na2 30. Rb1 Rd4 31. c3 Rd7 32.
Kc2 Ra7 33. Rb2 Ra3 34. Nd1 Ke7 35. Kd2 f6 36. gxf6+ Kxf6 37. Bb1 Kg5 38. Kd3 Kxh6 39.
Kd2 Kg5 40. Kd3 h5 41. Rg2+ Kf6 42. Bxa2 Rxa2 43. Nf2 g5 44. Ke3 Bc4 45. f4 Re2+ 46.
Kf3 exf4 47. e5+ Rxe5 48. Ne4+ Ke7 49. Nxg5 Bd5+ 50. Kxf4 Bxg2 51. Kxe5 h4 52. Kf4 h3 53.
Kg3 Kd6 54. Nf7+ Kd5 55. Nd8 Kc4 56. Nxc6 Bxc6 57. Kxh3 Kxc3 0-1

[Event "***Titled Tuesday 3|2 Blitz"]
[Site "Chess.com"]
[Date "2017.02.07"]
[Round "1"]
[White "Vrolijk"]
[Black "GMHess"]
[Result "0-1"]
[WhiteElo "2308"]
[BlackElo "2588"]
[TimeControl "180+2"]
[EndTime "13:10:31 PST"]
[Termination "GMHess won by resignation"]

1. d4 Nf6 2. c4 e6 3. Nf3 Bb4+ 4.
Bd2 Qe7 5. g3 Nc6 6. Bg2 Bxd2+ 7. Nbxd2 O-O 8. O-O d6 9. e4 e5 10. d5 Nb8 11. Ne1 a5 12. Nd3 c6 13. f4 Nbd7 14.
Qc2 cxd5 15. cxd5 b6 16. Nc4 Ba6 17. fxe5 Nxe5 18. Ncxe5 dxe5 19. Rfc1 Rac8 20. Qd2 Bxd3 21. Qxd3 Qb4 22. b3 Qa3 23. Rc4 Qb2 24. Rd1 Qxa2 25. d6 Rxc4 26. Qxc4 Ng4 27. Qc3 Qf2+ 28. Kh1 Ne3 29.
Rg1 h5 30. Qxe5 Qd2 31. Qf4 Qd4 32. e5 Qc5 33. Re1 Ng4 34. h3 Nf2+ 35. Kh2 Nd3 36. Qe3 Nxe1 37. Qxe1 Qd4 38. Qe2 h4 39. gxh4 f6 40.
e6 Qxd6+ 41. Kh1 Re8 42. Qh5 Re7 43. Be4 g5 44. Qg6+ Rg7 45. Qxf6 gxh4 46. Qf2 Qxe6 47. Bg2 Qxb3 48. Qxh4 Qd1+ 49. Kh2 Qd6+ 50. Kh1 Qd1+ 51. Kh2 Qd2 52. Qc4+ Rf7 53. Qg4+ Kf8 54. Qc8+ Ke7 55. Qc7+ Ke6 56. Qxb6+ Qd6+ 57. Qxd6+ Kxd6 58. h4 a4 59. Be4 Rf4 0-1

[Event "***Titled Tuesday 3|2 Blitz"]
[Site "Chess.com"]
[Date "2017.02.07"]
[Round "1"]
[White "chessdude"]
[Black "FelixBlohberger"]
[Result "0-1"]
[WhiteElo "2419"]
[BlackElo "2062"]
[TimeControl "180+2"]
[EndTime "13:10:38 PST"]
[Termination "FelixBlohberger won by resignation"]

1. e4 e5 2. Nf3 d6 3. d4 exd4 4.
Nxd4 Nf6 5. Nc3 Be7 6. Be2 O-O 7. O-O Re8 8. f4 Bf8 9. Bf3 c5 10. Nde2 Nc6 11. Ng3 Nd4 12. Be3 Nxf3+ 13. Qxf3 Qb6 14.
b3 Qb4 15. Bd2 Qd4+ 16. Qf2 Bd7 17. Rad1 Qxf2+ 18. Rxf2 Bc6 19. Re2 d5 20. e5 Nd7 21.
Bc1 d4 22. Nce4 f6 23. exf6 Nxf6 24. Nxf6+ gxf6 25. Rde1 Kf7 26. Kf2 a5 27. a4 b5 28.
axb5 Bxb5 29. Rxe8 Rxe8 30. Rxe8 Bxe8 31. Ne4 a4 32. Nd2 axb3 33. Nxb3 Ke6 34. g4 Kd5 35. Kf3 c4 36. Nd2 Ba4 37. c3 dxc3 38. Ne4 Kd4 39. Nxf6 Kd3 40. f5 Bc6+ 41. Kf2 c2 42.
Nxh7 Bc5+ 43. Kg3 Be3 44. Ba3 Bc5 45. Bc1 Be3 46. Ba3 c1=Q 47. Bxc1 Bxc1 48. g5 c3 49. f6 c2 50. g6 Bf4+ 51. Kxf4 c1=Q+ 52. Kf5 Qc5+ 53. Ke6 Bd5+ 54. Kd7 Qc6+ 55. Ke7 Qe6+ 56. Kf8 Qg8+ 57. Ke7 Qxg6 58. Nf8 Qf7+ 59. Kd6 Qxf8+ 60. Kxd5 Qxf6 0-1

[Event "***Titled Tuesday 3|2 Blitz"]
[Site "Chess.com"]
[Date "2017.02.07"]
[Round "1"]
[White "SavelijTartakover"]
[Black "cheese111"]
[Result "1-0"]
[WhiteElo "2532"]
[BlackElo "2230"]
[TimeControl "180+2"]
[EndTime "13:10:39 PST"]
[Termination "SavelijTartakover won on time"]

1. d4 Nf6 2. c4 g6 3. Nc3 d5 4. e3 Bg7 5. Qb3 e6 6. Qa3 c6 7. Nf3 a5 8. Bd2 dxc4 9. Bxc4 b5 10. Bxb5 cxb5 11. Nxb5 Bf8 12. Qb3 Be7 13. Rc1 Na6 14. Ne5 Bd7 15. Nxd7 Qxd7 16. Bxa5 O-O 17. O-O Rab8 18. a4 Rfc8 19. h3 Nd5 20. Qd3 Nab4 21. Bxb4 Nxb4 22. Qd2 Na2 23. Rxc8+ Rxc8 24. b3 Nb4 25.
Rc1 Rxc1+ 26. Qxc1 Qc6 27. Qc4 Kf8 28. g3 h5 29. h4 Ke8 30. Nc3 Kd7 31. Kf1 Nd5 32. Qxc6+ Kxc6 33. Ne4 Kb6 34. Ke2 Ka5 35. Kd3 Kb4 36.
Kc2 Ka3 37. a5 Bd8 38. Ng5 Bxg5 39. hxg5 Kb4 40. a6 Kb5 41. a7 Nc7 42. Kd3 Kb6 43.
Kc4 Kxa7 44. Kc5 Nd5 45. Kd6 Kb6 46. Kd7 Nc3 47. Ke7 Ne4 48. Kxf7 Nxg5+ 49. Kxg6 Ne4 50. Kxh5 Nxf2 51. g4 Kc6 52. g5 Ne4 53. g6 Nf6+ 54. Kg5 Ne4+ 55. Kf4 Kd5 56. g7 Nf6 57. Kg5 Ng8 58.
Kg6 Ke4 59. b4 Kxe3 60. b5 Kxd4 61. b6 1-0

[Event "***Titled Tuesday 3|2 Blitz"]
[Site "Chess.com"]
[Date "2017.02.07"]
[Round "1"]
[White "GianmarcoVaR"]
[Black "E-Shaposhnikov"]
[Result "0-1"]
[WhiteElo "2398"]
[BlackElo "2734"]
[TimeControl "180+2"]
[EndTime "13:10:40 PST"]
[Termination "E-Shaposhnikov won by resignation"]

1. d4 Nf6 2. Nf3 e6 3. Bf4 b6 4.
e3 Bb7 5. Nbd2 Be7 6. h3 O-O 7. Bd3 c5 8. O-O cxd4 9. exd4 d6 10. Qe2 a6 11. c3 Nbd7 12. Bh2 Re8 13. Rfe1 Qc7 14. a4 Bf8 15. Nc4 Qc6 16. Qc2 g6 17. Qb3 Rac8 18. Bf1 Ne4 19. Ne3 Ndf6 20. Red1 Qc7 21.
Nc4 Bd5 22. Qxb6 Bxc4 23. Qxc7 Rxc7 24. Bxc4 Rxc4 25. Ne1 Rb8 26. f3 Nxc3 27. bxc3 Nd5 28. Rd2 Nxc3 29. Rc2 Rbc8 30. Bf4 Bg7 31. Be3 Nd5 32.
Rxc4 Rxc4 33. Bf2 Rxd4 34. Ra2 Nc3 35. Rc2 Rxa4 36. Nd3 d5 37. Nc5 Ra1+ 38. Kh2 a5 39.
Rb2 Rb1 40. Rc2 a4 41. Be3 a3 42. Na4 a2 43. Nxc3 a1=Q 44. Nxb1 Be5+ 45. f4 Qxb1 46. Rc8+ Kg7 47. fxe5 Qe4 48. Bc5 Qxe5+ 49. Kg1 g5 50. Kf2 d4 51. Bf8+ Kg6 52. Be7 Qe3+ 53. Kf1 h6 54.
Rg8+ Kf5 55. Rg7 Qf4+ 56. Ke2 Ke4 57. Rg8 d3+ 58. Kd1 Qf1+ 59. Kd2 Qe2+ 60. Kc3 Qc2+ 61. Kb4 d2 0-1

[Event "***Titled Tuesday 3|2 Blitz"]
[Site "Chess.com"]
[Date "2017.02.07"]
[Round "1"]
[White "silverback96"]
[Black "Blitzstream"]
[Result "0-1"]
[WhiteElo "2064"]
[BlackElo "2465"]
[TimeControl "180+2"]
[EndTime "13:10:40 PST"]
[Termination "Blitzstream won by resignation"]

1. Nf3 Nf6 2. g3 c5 3. Bg2 Nc6 4. O-O g6 5. d4 cxd4 6. Nxd4 Bg7 7. c4 O-O 8. Nc3 Qa5 9. e4 d6 10. Be3 Bg4 11. f3 Bd7 12. Nd5 Nxd5 13. cxd5 Nxd4 14. Bxd4 Rac8 15. Bxg7 Kxg7 16. Qd4+ f6 17. Rfc1 Rxc1+ 18. Rxc1 Rc8 19. Rxc8 Bxc8 20. a3 Qe1+ 21. Bf1 b6 22.
Qf2 Qc1 23. h4 Bh3 24. g4 g5 25. hxg5 fxg5 26. Qd4+ Kf7 27. Qc4 Qxf1+ 28. Qxf1 Bxf1 29.
Kxf1 Kf6 30. Ke2 Ke5 31. Ke3 a6 32. a4 b5 33. axb5 axb5 34. b4 h6 35. Kd3 Kf4 36. Ke2 Kg3 37. Ke3 Kg2 38. Ke2 Kg3 39. Ke3 Kg2 40.
Ke2 Kg3 41. Ke3 Kh4 42. e5 h5 43. gxh5 Kxh5 44. exd6 exd6 45. Ke4 Kg6 46. f4 gxf4 47.
Kxf4 Kf6 48. Ke4 Kg5 49. Kd3 Kf5 50. Kd4 Kf4 51. Kd3 Ke5 52. Ke3 Kxd5 53. Kd3 Ke5 54.
Ke3 d5 55. Kd3 d4 56. Kd2 Ke4 57. Ke2 d3+ 58. Ke1 Kd4 59. Kd2 Kc4 0-1

[Event "***Titled Tuesday 3|2 Blitz"]
[Site "Chess.com"]
[Date "2017.02.07"]
[Round "1"]
[White "GeorgMeier"]
[Black "macko06"]
[Result "1-0"]
[WhiteElo "2690"]
[BlackElo "2380"]
[TimeControl "180+2"]
[EndTime "13:10:43 PST"]
[Termination "GeorgMeier won by resignation"]

1. Nf3 Nf6 2. g3 b5 3. Bg2 Bb7 4. O-O e6 5. d3 c5 6. e4 d6 7. e5 dxe5 8. Nxe5 Bxg2 9. Kxg2 Qd5+ 10. Qf3 Qxf3+ 11. Kxf3 Bd6 12. Re1 Bxe5 13. Rxe5 Nfd7 14. Re2 Nc6 15. Be3 Nd4+ 16. Bxd4 cxd4 17. Nd2 O-O 18.
a4 a6 19. Nb3 e5 20. Kg2 f6 21.
f4 Rfe8 22. fxe5 fxe5 23. Kf3 Kf7 24. h3 h5 25. Nd2 Ke6 26. Ne4 Kd5 27. Kg2 Rf8 28.
Nd2 Nc5 29. Nf3 Nd7 30. Rae1 Rfe8 31. Ra1 Rf8 32. Ra2 Rfc8 33. Ra1 Rf8 34. Ra3 Rfc8 35. Ra2 Rf8 36. Ra1 Rfc8 37. g4 hxg4 38. hxg4 Rh8 39. Kg3 Rhf8 40. a5 Rh8 41. Rae1 Rae8 42. c3 dxc3 43. bxc3 Rh6 44. c4+ bxc4 45. dxc4+ Kd6 46.
Ng5 Kc7 47. Rf1 Rf6 48. Rh1 Rc6 49. Rh7 Re7 50. Re3 Rxc4 51. Rxg7 Rxg7 52. Ne6+ Kd6 53.
Nxg7 Nf6 54. Nf5+ Ke6 55. Nh6 Ne4+ 56. Kh4 Nf6 57. Rb3 Nxg4 58. Nxg4 Kf5 59. Rf3+ Rf4 60. Rf2 Rxf2 61. Nxf2 Kf4 62. Nd3+ Ke4 63. Nc5+ Kd5 64.
Nxa6 Kc6 65. Nb4+ Kb5 66. a6 Kb6 67. Kg3 e4 68. Kf4 1-0

[Event "***Titled Tuesday 3|2 Blitz"]
[Site "Chess.com"]
[Date "2017.02.07"]
[Round "1"]
[White "hansen"]
[Black "gumersindo"]
[Result "1-0"]
[WhiteElo "2637"]
[BlackElo "2349"]
[TimeControl "180+2"]
[EndTime "13:10:51 PST"]
[Termination "hansen won by resignation"]

1. e4 e5 2. Nf3 Nc6 3. Bb5 a6 4.
Ba4 Nf6 5. O-O Be7 6. Re1 b5 7. Bb3 d6 8. c3 O-O 9. h3 Na5 10. Bc2 c5 11. d4 Qc7 12. Nbd2 Bd7 13. Nf1 Rfe8 14. Ng3 Nc6 15. d5 Na5 16. b3 c4 17. Bd2 Rac8 18. Rc1 h6 19. Nh2 Bf8 20. Qf3 Qd8 21. Nf5 Bxf5 22. Qxf5 Qd7 23. Qf3 Be7 24. b4 Nb7 25. a4 Ra8 26. Ra1 a5 27. axb5 axb4 28.
cxb4 Qxb5 29. Nf1 Rec8 30. Bc3 Bd8 31. Ne3 Bb6 32. Nf5 Bd8 33. Qg3 Ne8 34. Nxh6+ Kf8 35.
Nf5 g6 36. Ne3 Bb6 37. Ng4 Qd7 38. Qh4 Kg8 39. Nh6+ Kg7 40. Ng4 Bd8 41. Qh6+ Kg8 42. Qe3 f6 43. Ra7 Rxa7 44. Qxa7 Nc5 45. Ra1 Rc7 46.
Qa8 Nb3 47. Ra3 Rc8 48. Qa7 Qxa7 49. Rxa7 Bb6 50. Re7 Kf8 51. Rb7 Bd4 52. Nh6 Rc7 53. Rxc7 Nxc7 54. Be1 Nc1 55. Kf1 c3 56. Ng4 Na2 57.
Ke2 Nxb4 58. Kd1 Kf7 59. Ba4 f5 60. Ne3 Bxe3 61. fxe3 fxe4 62. Bxc3 Nbxd5 63. Bd2 Ne6 64. Bc6 Ne7 65. Bxe4 Nf5 66. g4 Nh4 67. Be1 g5 68.
Ke2 Kf6 69. Bb4 Nc5 70. Bxc5 dxc5 71. Kd3 Ke6 72. Kc4 Kd6 73. Kb5 1-0

[Event "***Titled Tuesday 3|2 Blitz"]
[Site "Chess.com"]
[Date "2017.02.07"]
[Round "1"]
[White "Mr_Penings"]
[Black "proxy6"]
[Result "0-1"]
[WhiteElo "2437"]
[BlackElo "2079"]
[TimeControl "180+2"]
[EndTime "13:10:53 PST"]
[Termination "proxy6 won by resignation"]

1. c4 e5 2. g3 Nc6 3. Nc3 Bc5 4. Bg2 d6 5. Nf3 a6 6. O-O Ba7 7. Rb1 Nf6 8. d3 h6 9. b4 O-O 10. a4 Be6 11. b5 axb5 12. axb5 Ne7 13. Bb2 Qc8 14. e3 Bh3 15. d4 Ng6 16. Ra1 h5 17. Ng5 Bxg2 18. Kxg2 exd4 19. exd4 Qf5 20. h4 Ng4 21.
Nd5 f6 22. Nf3 Qd7 23. Qd3 Ne7 24. Nf4 Qf5 25. Rfd1 Bb6 26. Qxf5 Nxf5 27. Nxh5 Rxa1 28.
Rxa1 Re8 29. Nf4 Re4 30. Rd1 Nfe3+ 31. fxe3 Nxe3+ 32. Kh3 Nxd1 33. Ba1 Re3 34. Kg2 Ra3 35. c5 dxc5 36. dxc5 Bxc5 37. Bd4 Bxd4 38. Nxd4 Ra2+ 39.
Kf3 Nc3 40. Nfe6 Ra3 41. Kg4 Ra4 42. Kf5 Kf7 43. Nd8+ Ke7 44. N4e6 Nxb5 45. Nxb7 g6+ 46. Kxg6 Rg4+ 47. Kf5 Rxg3 48. Nf4 Nd4+ 49. Ke4 Nc6 50. h5 Ne5 51. Nc5 Rc3 52. Nce6 Rc1 53. Ng7 c5 54. h6 Nf7 55. h7 Rh1 56. Ngh5 Rh4 57.
Kf5 c4 58. Nxf6 c3 59. N6d5+ Kf8 60. Ng6+ Kg7 61. Nxc3 Rh5+ 62. Kg4 Kxg6 63. Ne4 Rxh7 64. Ng3 Kg7 65. Nf5+ Kf8 66. Kf4 Rh1 67. Ng3 Ra1 68. Ne4 Ke7 69. Kf5 Nd6+ 0-1

[Event "***Titled Tuesday 3|2 Blitz"]
[Site "Chess.com"]
[Date "2017.02.07"]
[Round "1"]
[White "jcibarra"]
[Black "WanderingPuppet"]
[Result "1-0"]
[WhiteElo "2621"]
[BlackElo "2324"]
[TimeControl "180+2"]
[EndTime "13:11:09 PST"]
[Termination "jcibarra won by checkmate"]

1. e4 c5 2. Nf3 d6 3. d4 cxd4 4.
Nxd4 Nf6 5. Nc3 a6 6. Bg5 e6 7. f4 Bd7 8. Qf3 Nc6 9. O-O-O Qa5 10. Bxf6 gxf6 11. Nb3 Qc7 12. f5 O-O-O 13. Qh5 Be8 14. Kb1 Kb8 15. g3 h6 16. Bh3 Rg8 17. Qe2 Bd7 18.
Rhf1 Be7 19. Qh5 Rdf8 20. Ne2 Rg5 21. Qf3 Ne5 22. Qe3 Nc4 23. Qc3 e5 24. Qf3 d5 25.
Rxd5 Bc6 26. Rd3 Qb6 27. Nc3 a5 28. a4 Bb4 29. Nd5 Bxd5 30. Rxd5 Rc8 31. Rb5 Qc6 32. Qd3 Ne3 33. Qxe3 Qxc2+ 34. Ka2 Rc3 35. Qd2 Qxb3+ 36. Kb1 Rd3 37. Qc1 Rc3 38. Qd1 Qxd1+ 39. Rxd1 Rc7 40.
Bf1 Rg8 41. b3 Rgc8 42. Bc4 Ka7 43. Rdd5 Re8 44. Kc2 Ree7 45. Rd8 Red7 46. Rxd7 Rxd7 47. Bd5 Rc7+ 48. Kd1 b6 49. Ke2 Rc2+ 50. Kf3 Rxh2 51.
Bxf7 Rd2 52. Bc4 Rc2 53. Rd5 Rd2 54. Bd3 Kb7 55. Kg4 Kc6 56. Kh5 Rf2 57. Bb5+ Kc7 58.
Kg6 Rg2 59. Kxf6 Rxg3 60. Kxe5 h5 61. Ke6 Rf3 62. Rd7+ Kc8 63. Rh7 Re3 64. e5 Bc3 65.
f6 Rxe5+ 66. Kd6 Re1 67. Rh8+ Kb7 68. Bc6+ Ka7 69. Ra8# 1-0